BSA
PHILADELPHIA ATHLETICS @ SAN FRANCISCO BANDITS
09/16/2030
 
TOP OF THE 1ST
Philadelphia Athletics batting - Pitching for San Francisco Bandits : RHP David Bishop
Pitching: RHP David Bishop
Batting: LHB John Peterson 0-0: Ball
1-0: Foul Ball, location: 2F
1-1: Ball
2-1: Swinging Strike
2-2: Ground out 3-1 (Groundball, 34S)
Batting: LHB Brian Boone 0-0: Swinging Strike
0-1: Ball
1-1: Swinging Strike
1-2: Strikes out looking
Batting: RHB Tony Morton 0-0: Swinging Strike
0-1: Ball
1-1: Ball
2-1: Ground out U3 (Groundball, 3)
Top of the 1st over - 0 runs, 0 hits, 0 errors, 0 left on base; Philadelphia 0 - San Francisco 0
BOTTOM OF THE 1ST
San Francisco Bandits batting - Pitching for Philadelphia Athletics : LHP Tom Miller
Pitching: LHP Tom Miller
Batting: RHB Scott Merritt 0-0: Foul Ball, location: 2F
0-1: SINGLE (Groundball, 56D)
Batting: RHB Peter Bishop 0-0: Ball
1-0: Swinging Strike
1-1: Ball
2-1: Swinging Strike
2-2: Ball
3-2: Base on Balls
Scott Merritt to second
Batting: LHB Chris Austin 0-0: Reached on error, E3 (Groundball, 3)
Scott Merritt to third
Peter Bishop to second
Batting: RHB Owen Carter 0-0: Swinging Strike
0-1: Foul Ball, location: 2F
0-2: Ball
1-2: Ball
2-2: Strikes out swinging
Batting: SHB Terry Dailey 0-0: SINGLE (Groundball, 6MD)
Scott Merritt scores
Peter Bishop to third
Chris Austin to second
Runner from 3rd tries for Home, SAFE, no throw
Batting: RHB Michael Elliott 0-0: Ball
1-0: Ball
2-0: Foul Ball, location: 2F
2-1: Ball
3-1: Fielders Choice at 2nd, 6-4 (Groundball, 6)
Chris Austin to third
Batting: LHB Alan McGilroy 0-0: Foul Ball, location: 2F
0-1: SINGLE (Groundball, 6MD)
Chris Austin scores
Michael Elliott to second
Runner from 2nd tries for 3rd, SAFE, no throw
Batting: SHB Ángel González 0-0: Ball
1-0: Called Strike
1-1: Called Strike
1-2: Strikes out swinging
Bottom of the 1st over - 3 runs, 3 hits, 1 error, 2 left on base; Philadelphia 0 - San Francisco 3
TOP OF THE 2ND
Philadelphia Athletics batting - Pitching for San Francisco Bandits : RHP David Bishop
Batting: RHB Alfredo Rivera 0-0: Swinging Strike
0-1: Ball
1-1: Ground out 6-3 (Groundball, 6M)
Batting: LHB Carter Sweet 0-0: Ground out 3-1 (Groundball, 34)
Batting: LHB Arturo Molina 0-0: Ball
1-0: SINGLE (Line Drive, 56)
Batting: RHB Miguel Encarnación 0-0: Swinging Strike
0-1: Swinging Strike
0-2: Ball
1-2: Ball
2-2: Ball
3-2: SINGLE (Groundball, 5S) (infield hit)
Arturo Molina to second
Batting: RHB Anastasio Villa 0-0: Ball
1-0: Ball
2-0: Foul Ball, location: 2F
2-1: Foul Ball, location: 2F
2-2: Foul Ball, location: 2F
2-2: Strikes out swinging
Top of the 2nd over - 0 runs, 2 hits, 0 errors, 2 left on base; Philadelphia 0 - San Francisco 3
BOTTOM OF THE 2ND
San Francisco Bandits batting - Pitching for Philadelphia Athletics : LHP Tom Miller
Batting: RHB Lorenzo Mota 0-0: Ball
1-0: Called Strike
1-1: SINGLE (Flyball, 7LS)
Batting: RHB Scott Merritt 0-0: SINGLE (Line Drive, 78S)
Lorenzo Mota to second
Batting: RHB Peter Bishop 0-0: Foul Ball, location: 2F
0-1: Swinging Strike
0-2: 3-RUN HOME RUN (Flyball, 8LXD), Distance : 428 ft
Batting: LHB Chris Austin 0-0: Called Strike
0-1: Ball
1-1: Called Strike
1-2: Ball
2-2: Foul Ball, location: 2F
2-2: Strikes out swinging
Batting: RHB Owen Carter 0-0: Ball
1-0: Ball
2-0: Foul Ball, location: 2F
2-1: Ball
3-1: Base on Balls
Batting: SHB Terry Dailey 0-0: Ball
1-0: Called Strike
1-1: Called Strike
1-2: SINGLE (Groundball, 5S) (infield hit)
Owen Carter to second
Batting: RHB Michael Elliott 0-0: Fly out, F5 (Line Drive, 5L)
Batting: LHB Alan McGilroy 0-0: Ball
1-0: Fly out, F7 (Flyball, 7LSF)
Bottom of the 2nd over - 3 runs, 4 hits, 0 errors, 2 left on base; Philadelphia 0 - San Francisco 6
TOP OF THE 3RD
Philadelphia Athletics batting - Pitching for San Francisco Bandits : RHP David Bishop
Batting: SHB Héctor Padilla 0-0: Called Strike
0-1: Called Strike
0-2: Ball
1-2: Ball
2-2: Fly out, F7 (Flyball, 7S)
Batting: LHB John Peterson 0-0: Ground out 3-1 (Groundball, 34)
Batting: LHB Brian Boone 0-0: Ball
1-0: Called Strike
1-1: Swinging Strike
1-2: Foul Ball, location: 2F
1-2: Ball
2-2: Strikes out swinging
Top of the 3rd over - 0 runs, 0 hits, 0 errors, 0 left on base; Philadelphia 0 - San Francisco 6
BOTTOM OF THE 3RD
San Francisco Bandits batting - Pitching for Philadelphia Athletics : LHP Tom Miller
Batting: SHB Ángel González 0-0: Ball
1-0: Ball
2-0: Called Strike
2-1: Ground out 5-3 (Groundball, 56)
Batting: RHB Lorenzo Mota 0-0: Called Strike
0-1: Foul Ball, location: 2F
0-2: Ball
1-2: Ball
2-2: Fly out, F4 (Line Drive, 4MD)
Batting: RHB Scott Merritt 0-0: SINGLE (Line Drive, 6MD)
Pitching: RHP António López
Batting: RHB Peter Bishop 0-0: Called Strike
0-1: Ball
1-1: Ground out 4-3 (Groundball, 34)
Bottom of the 3rd over - 0 runs, 1 hit, 0 errors, 1 left on base; Philadelphia 0 - San Francisco 6
TOP OF THE 4TH
Philadelphia Athletics batting - Pitching for San Francisco Bandits : RHP David Bishop
Batting: RHB Tony Morton 0-0: SINGLE (Line Drive, 34)
Batting: RHB Alfredo Rivera 0-0: Called Strike
0-1: Called Strike
0-2: Foul Ball, location: 2F
0-2: Fly out, F4 (Popup, 34)
Batting: LHB Carter Sweet 0-0: Called Strike
0-1: Foul Ball, location: 2F
0-2: Ball
1-2: Grounds into double play, 4-6-3 (Groundball, 4)
Top of the 4th over - 0 runs, 1 hit, 0 errors, 0 left on base; Philadelphia 0 - San Francisco 6
BOTTOM OF THE 4TH
San Francisco Bandits batting - Pitching for Philadelphia Athletics : RHP António López
Batting: LHB Chris Austin 0-0: SINGLE (Groundball, 6MD)
Batting: RHB Owen Carter 0-0: Ball
1-0: Called Strike
1-1: Fly out, F9 (Line Drive, 9)
Batting: SHB Terry Dailey 0-0: Called Strike
0-1: Called Strike
0-2: Foul Ball, location: 2F
0-2: Fielders Choice at 2nd, 4-6 (Groundball, 4)
Batting: RHB Michael Elliott 0-0: Called Strike
0-1: Ball
1-1: Ball
2-1: Foul Ball, location: 2F
2-2: SINGLE (Groundball, 56D)
Terry Dailey to second
Batting: LHB Alan McGilroy 0-0: Swinging Strike
0-1: Ground out 4-3 (Groundball, 34)
Bottom of the 4th over - 0 runs, 2 hits, 0 errors, 2 left on base; Philadelphia 0 - San Francisco 6
TOP OF THE 5TH
Philadelphia Athletics batting - Pitching for San Francisco Bandits : RHP David Bishop
Batting: LHB Arturo Molina 0-0: Called Strike
0-1: Ball
1-1: Foul Ball, location: 2F
1-2: Ball
2-2: Foul Ball, location: 2F
2-2: Foul Ball, location: 2F
2-2: Foul Ball, location: 2F
2-2: SINGLE (Groundball, 4MD)
Batting: RHB Miguel Encarnación 0-0: Ball
1-0: Grounds into double play, 4-6-3 (Groundball, 4)
Batting: RHB Anastasio Villa 0-0: Ball
1-0: Ball
2-0: Called Strike
2-1: Foul Ball, location: 2F
2-2: Ball
3-2: Foul Ball, location: 2F
3-2: Base on Balls
Batting: SHB Héctor Padilla 0-0: Called Strike
0-1: Swinging Strike
0-2: Ball
1-2: SINGLE (Line Drive, 8LS)
Anastasio Villa to second
Batting: LHB John Peterson 0-0: Called Strike
0-1: Foul Ball, location: 2F
0-2: Strikes out swinging
Top of the 5th over - 0 runs, 2 hits, 0 errors, 2 left on base; Philadelphia 0 - San Francisco 6
BOTTOM OF THE 5TH
San Francisco Bandits batting - Pitching for Philadelphia Athletics : RHP António López
Batting: SHB Ángel González 0-0: Ball
1-0: Called Strike
1-1: Ball
2-1: Fly out, F8 (Flyball, 78D)
Batting: RHB Lorenzo Mota 0-0: Called Strike
0-1: Foul Ball, location: 2F
0-2: Foul Ball, location: 2F
0-2: Ball
1-2: Ground out 5-3 (Groundball, 56)
Batting: RHB Scott Merritt 0-0: Called Strike
0-1: Ball
1-1: SINGLE (Line Drive, 6MD)
Batting: RHB Peter Bishop 0-0: Ground out 5-3 (Groundball, 56)
Bottom of the 5th over - 0 runs, 1 hit, 0 errors, 1 left on base; Philadelphia 0 - San Francisco 6
TOP OF THE 6TH
Philadelphia Athletics batting - Pitching for San Francisco Bandits : RHP David Bishop
Batting: LHB Brian Boone 0-0: Ball
1-0: Ball
2-0: Ball
3-0: Called Strike
3-1: Base on Balls
Batting: RHB Tony Morton 0-0: Ball
1-0: Called Strike
Brian Boone is caught stealing 2nd base
1-1: Foul Ball, location: 2F
1-2: SINGLE (Line Drive, 8RS)
Batting: RHB Alfredo Rivera 0-0: Foul Ball, location: 2F
0-1: Foul Ball, location: 2F
0-2: Fly out, F7 (Flyball, 7S)
Batting: LHB Carter Sweet 0-0: Ball
1-0: Called Strike
1-1: Ball
2-1: Ball
3-1: Fly out, F8 (Flyball, 8RM)
Top of the 6th over - 0 runs, 1 hit, 0 errors, 1 left on base; Philadelphia 0 - San Francisco 6
BOTTOM OF THE 6TH
San Francisco Bandits batting - Pitching for Philadelphia Athletics : RHP António López
Batting: LHB Chris Austin 0-0: Called Strike
0-1: Ball
1-1: Ball
2-1: Foul Ball, location: 2F
2-2: Ball
3-2: Foul Ball, location: 2F
3-2: Strikes out swinging
Batting: RHB Owen Carter 0-0: Ground out 3-1 (Groundball, 34)
Batting: SHB Terry Dailey 0-0: Ball
1-0: Swinging Strike
1-1: Ball
2-1: Swinging Strike
2-2: Ground out 4-3 (Groundball, 4)
Bottom of the 6th over - 0 runs, 0 hits, 0 errors, 0 left on base; Philadelphia 0 - San Francisco 6
TOP OF THE 7TH
Philadelphia Athletics batting - Pitching for San Francisco Bandits : RHP David Bishop
Batting: LHB Arturo Molina 0-0: Ground out U3 (Groundball, 23)
Batting: RHB Miguel Encarnación 0-0: Ball
1-0: Called Strike
1-1: Foul Ball, location: 2F
1-2: Ball
2-2: Strikes out looking
Batting: RHB Anastasio Villa 0-0: Called Strike
0-1: Ball
1-1: SINGLE (Line Drive, 7LM)
Batting: SHB Héctor Padilla 0-0: Called Strike
0-1: Ball
1-1: Swinging Strike
1-2: SINGLE (Groundball, 4MD)
Anastasio Villa to second
Runner from 2nd tries for 3rd, SAFE, no throw
Batting: LHB John Peterson 0-0: Ball
1-0: Foul Ball, location: 2F
1-1: Ball
2-1: Ball
3-1: Foul Ball, location: 2F
3-2: Foul Ball, location: 2F
3-2: Fly out, F8 (Flyball, 78XD)
Top of the 7th over - 0 runs, 2 hits, 0 errors, 2 left on base; Philadelphia 0 - San Francisco 6
BOTTOM OF THE 7TH
San Francisco Bandits batting - Pitching for Philadelphia Athletics : RHP António López
Pitching: RHP George Nelson
Batting: RHB Michael Elliott 0-0: Called Strike
0-1: Ball
1-1: Ball
2-1: Ground out U3 (Groundball, 3S)
Batting: LHB Alan McGilroy 0-0: Foul Ball, location: 2F
0-1: Ball
1-1: Called Strike
1-2: SINGLE (Groundball, 4D)
Batting: SHB Ángel González 0-0: Called Strike
0-1: Swinging Strike
0-2: Ball
1-2: Foul Ball, location: 2F
1-2: SINGLE (Groundball, 3) (infield hit)
Alan McGilroy to second
Batting: RHB Lorenzo Mota 0-0: Called Strike
0-1: Ball
1-1: Ball
2-1: Called Strike
2-2: Ball
3-2: Base on Balls
Alan McGilroy to third
Ángel González to second
Batting: RHB Scott Merritt 0-0: Foul Ball, location: 2F
0-1: Fielders Choice at 2nd, 6-4 (Groundball, 6)
Alan McGilroy scores
Ángel González to third
Batting: RHB Peter Bishop 0-0: Ball
1-0: Foul Ball, location: 2F
1-1: Ball
2-1: SINGLE (Groundball, 56D)
Ángel González scores
Scott Merritt to second
Batting: LHB Chris Austin 0-0: Foul Ball, location: 2F
0-1: Ball
1-1: Foul Ball, location: 2F
1-2: Strikes out looking
Bottom of the 7th over - 2 runs, 3 hits, 0 errors, 2 left on base; Philadelphia 0 - San Francisco 8
TOP OF THE 8TH
Philadelphia Athletics batting - Pitching for San Francisco Bandits : RHP David Bishop
Now in LF: Chang-geun Kim
Batting: LHB Brian Boone 0-0: Foul Ball, location: 2F
0-1: Swinging Strike
0-2: Ball
1-2: Ball
2-2: Fly out, F8 (Flyball, 8LM)
Batting: RHB Tony Morton 0-0: Ball
1-0: Ball
2-0: Ball
3-0: Called Strike
3-1: Base on Balls
Batting: RHB Alfredo Rivera 0-0: Called Strike
0-1: Foul Ball, location: 2F
0-2: SINGLE (Flyball, 56D)
Tony Morton to second
Batting: LHB Carter Sweet 0-0: Ball
1-0: Ground out 5-3 (Groundball, 5S)
Tony Morton to third
Alfredo Rivera to second
Pitching: RHP Brad Sharpe
Batting: LHB Arturo Molina 0-0: SINGLE (Groundball, 34D)
Tony Morton scores
Alfredo Rivera to third
Runner from 3rd tries for Home, throw and OUT!
Top of the 8th over - 1 run, 2 hits, 0 errors, 1 left on base; Philadelphia 1 - San Francisco 8
BOTTOM OF THE 8TH
San Francisco Bandits batting - Pitching for Philadelphia Athletics : RHP George Nelson
Batting: RHB Owen Carter 0-0: Ball
1-0: Ground out U3 (Groundball, 3)
Batting: SHB Terry Dailey 0-0: Ball
1-0: Swinging Strike
1-1: Called Strike
1-2: Strikes out swinging
Batting: RHB Michael Elliott 0-0: Ball
1-0: Ball
2-0: Called Strike
2-1: Foul Ball, location: 2F
2-2: SINGLE (Line Drive, 8LS)
Batting: LHB Alan McGilroy 0-0: Called Strike
0-1: Ball
1-1: Ball
2-1: Ball
3-1: Foul Ball, location: 2F
3-2: Foul Ball, location: 2F
3-2: Foul Ball, location: 2F
3-2: Foul Ball, location: 2F
3-2: Foul Ball, location: 2F
3-2: Ground out 4-3 (Groundball, 4)
Bottom of the 8th over - 0 runs, 1 hit, 0 errors, 1 left on base; Philadelphia 1 - San Francisco 8
TOP OF THE 9TH
Philadelphia Athletics batting - Pitching for San Francisco Bandits : RHP Brad Sharpe
Batting: RHB Miguel Encarnación 0-0: Foul Ball, location: 2F
0-1: Ground out 5-3 (Groundball, 5)
Batting: RHB Anastasio Villa 0-0: Called Strike
0-1: Swinging Strike
0-2: Ball
1-2: Ball
2-2: Foul Ball, location: 2F
2-2: Ground out 6-3 (Groundball, 6)
Batting: SHB Héctor Padilla 0-0: Ball
1-0: Swinging Strike
1-1: Foul Ball, location: 2F
1-2: Fly out, F8 (Flyball, 89D)
Top of the 9th over - 0 runs, 0 hits, 0 errors, 0 left on base; Philadelphia 1 - San Francisco 8
Saturday, April 7th, 2018 - OOTP Baseball 18.8 Build 76